TOP OF THE 1ST |
California Angels batting - Pitching for Baltimore Orioles : RHP Jay Rapini
|
Pitching: RHP Jay Rapini
|
|
Batting: SHB Aldo Questi
|
0-0: Ball 1-0: Ball 2-0: Ball 3-0: Called Strike 3-1: Base on Balls
|
Batting: RHB Preston Deakyne
|
0-0: Ball 1-0: Ball 2-0: Called Strike 2-1: Foul Ball, location: 2F 2-2: Strikes out swinging
|
Batting: RHB Dietmar Warmisch
|
0-0: Ball 1-0: Called Strike 1-1: Ball 2-1: Foul Ball, location: 2F 2-2: Ball 3-2: Grounds into double play, 5-4-3 (Groundball, 56S, EV 93.8 MPH)
|
Top of the 1st over - 0 runs, 0 hits, 0 errors, 0 left on base; California 0 - Baltimore 0 |
BOTTOM OF THE 1ST |
Baltimore Orioles batting - Pitching for California Angels : RHP Ben Sedlacek
|
Pitching: RHP Ben Sedlacek
|
|
Batting: RHB Rudo Garciaparra
|
0-0: Ball 1-0: Foul Ball, location: 2F 1-1: Swinging Strike 1-2: DOUBLE (Line Drive, 9LD, EV 106.2 MPH)
|
Batting: RHB Marc Peckermark
|
0-0: Ball 1-0: Called Strike 1-1: Foul Ball, location: 2F 1-2: Ball 2-2: Ground out 4-3 (Groundball, 4, EV 103.1 MPH) Rudo Garciaparra to third
|
Batting: LHB Brad Pepin
|
0-0: Foul Ball, location: 2F 0-1: Foul Ball, location: 2F 0-2: Ground out 4-3 (Groundball, 4, EV 85.6 MPH) Rudo Garciaparra scores
|
Batting: SHB Jason Hayes
|
0-0: Called Strike 0-1: Foul Ball, location: 2F 0-2: Foul Ball, location: 2F 0-2: Foul Ball, location: 2F 0-2: Ball 1-2: Ball 2-2: Fly out, F9 (Line Drive, 9D, EV 95.0 MPH)
|
Bottom of the 1st over - 1 run, 1 hit, 0 errors, 0 left on base; California 0 - Baltimore 1 |
TOP OF THE 2ND |
California Angels batting - Pitching for Baltimore Orioles : RHP Jay Rapini
|
Batting: LHB Micah Miller
|
0-0: Called Strike 0-1: Ball 1-1: Foul Ball, location: 2F 1-2: Ball 2-2: Strikes out swinging
|
Batting: LHB Javier Trujillo
|
0-0: Fly out, F8 (Flyball, 8RS, EV 85.6 MPH)
|
Batting: RHB Jasper Burd
|
0-0: SINGLE (Groundball, 34D, EV 102.5 MPH)
|
Batting: LHB Jack Bell
|
0-0: Ball 1-0: Foul Ball, location: 2F 1-1: Foul Ball, location: 2F 1-2: Foul Ball, location: 2F 1-2: Ball Wild Pitch! Jasper Burd to second 2-2: Foul Ball, location: 2F 2-2: Strikes out looking
|
Top of the 2nd over - 0 runs, 1 hit, 0 errors, 1 left on base; California 0 - Baltimore 1 |
BOTTOM OF THE 2ND |
Baltimore Orioles batting - Pitching for California Angels : RHP Ben Sedlacek
|
Batting: RHB Saimei Kudo
|
0-0: Ball 1-0: SINGLE (Flyball, 56D, EV 93.8 MPH)
|
Batting: SHB Robert Handy
|
0-0: Ball 1-0: Ball 2-0: Called Strike 2-1: Foul Ball, location: 2F 2-2: Ball 3-2: Base on Balls Saimei Kudo to second
|
Batting: RHB Alex Rodriguez Jr.
|
0-0: Foul Ball, location: 2F 0-1: Foul Ball, location: 2F 0-2: Fly out, F8 (Line Drive, 8LM, EV 91.2 MPH)
|
Batting: LHB Gabe Pace
|
0-0: Ball 1-0: DOUBLE (Groundball, 3L, EV 96.9 MPH) Saimei Kudo scores Robert Handy to third
|
Batting: RHB Andres Leon
|
0-0: Called Strike 0-1: Ball 1-1: Ball 2-1: Foul Ball, location: 2F 2-2: SINGLE (Line Drive, 6M, EV 102.5 MPH) Robert Handy scores Gabe Pace to third
|
Batting: RHB Rudo Garciaparra
|
0-0: DOUBLE (Flyball, 89XD, EV 100.6 MPH) Gabe Pace scores Andres Leon to third
|
Batting: RHB Marc Peckermark
|
0-0: Ball 1-0: Ground out 3-1 (Groundball, 34, EV 101.2 MPH) Andres Leon scores Rudo Garciaparra to third
|
Batting: LHB Brad Pepin
|
0-0: Swinging Strike 0-1: Ball 1-1: Fly out, F4 (Flyball, 34D, EV 92.5 MPH)
|
Bottom of the 2nd over - 4 runs, 4 hits, 0 errors, 1 left on base; California 0 - Baltimore 5 |
TOP OF THE 3RD |
California Angels batting - Pitching for Baltimore Orioles : RHP Jay Rapini
|
Batting: RHB Bjoern Waltersson
|
0-0: Ball 1-0: Ball 2-0: Called Strike 2-1: Ball 3-1: Base on Balls
|
Batting: RHB Avery Maxwell
|
0-0: Called Strike 0-1: Ball 1-1: DOUBLE (Line Drive, 3D, EV 106.9 MPH) Bjoern Waltersson to third
|
Batting: SHB Aldo Questi
|
0-0: Ball 1-0: DOUBLE (Flyball, 8RXD, EV 106.9 MPH) Bjoern Waltersson scores Avery Maxwell scores
|
Batting: RHB Preston Deakyne
|
0-0: Ball 1-0: Foul Ball, location: 2F 1-1: Called Strike 1-2: Fly out, F8 (Flyball, 8RXD, EV 92.5 MPH) Runner from 2nd tags up, SAFE at 3rd, no throw by CF
|
Batting: RHB Dietmar Warmisch
|
0-0: 2-RUN HOME RUN (Flyball, 7LD, EV 98.8 MPH), Distance : 374 ft
|
Batting: LHB Micah Miller
|
0-0: Swinging Strike 0-1: Called Strike 0-2: Foul Ball, location: 2F 0-2: Strikes out swinging
|
Batting: LHB Javier Trujillo
|
0-0: Ball 1-0: Called Strike 1-1: Foul Ball, location: 2F 1-2: Ball 2-2: Ground out 4-3 (Groundball, 4, EV 103.8 MPH)
|
Top of the 3rd over - 4 runs, 3 hits, 0 errors, 0 left on base; California 4 - Baltimore 5 |
BOTTOM OF THE 3RD |
Baltimore Orioles batting - Pitching for California Angels : RHP Ben Sedlacek
|
Batting: SHB Jason Hayes
|
0-0: Ball 1-0: Called Strike 1-1: Swinging Strike 1-2: Strikes out swinging
|
Batting: RHB Saimei Kudo
|
0-0: Swinging Strike 0-1: Swinging Strike 0-2: Ball 1-2: Ball 2-2: Ball 3-2: Ground out 6-3 (Groundball, 6, EV 93.1 MPH)
|
Pitching: RHP Gus Morante
|
|
Batting: SHB Robert Handy
|
0-0: Ball 1-0: Foul Ball, location: 2F 1-1: Foul Ball, location: 2F 1-2: Ball 2-2: Ball 3-2: Base on Balls
|
Batting: RHB Alex Rodriguez Jr.
|
0-0: Fly out, F8 (Line Drive, 8LM, EV 99.4 MPH)
|
Bottom of the 3rd over - 0 runs, 0 hits, 0 errors, 1 left on base; California 4 - Baltimore 5 |
TOP OF THE 4TH |
California Angels batting - Pitching for Baltimore Orioles : RHP Jay Rapini
|
Batting: RHB Jasper Burd
|
0-0: Ball 1-0: Ball 2-0: Ball 3-0: Called Strike 3-1: Fly out, F9 (Flyball, 9D, EV 94.4 MPH)
|
Batting: LHB Jack Bell
|
0-0: Called Strike 0-1: Foul Ball, location: 2F 0-2: Ball 1-2: Strikes out swinging
|
Batting: RHB Bjoern Waltersson
|
0-0: Ball 1-0: Ball 2-0: SINGLE (Groundball, 34D, EV 98.1 MPH)
|
Batting: RHB Avery Maxwell
|
0-0: DOUBLE (Line Drive, 7LS, EV 111.2 MPH) Bjoern Waltersson to third Runner from 3rd tries for Home, throw by LF and OUT! 7-6-2
|
Top of the 4th over - 0 runs, 2 hits, 0 errors, 1 left on base; California 4 - Baltimore 5 |
BOTTOM OF THE 4TH |
Baltimore Orioles batting - Pitching for California Angels : RHP Gus Morante
|
Batting: LHB Gabe Pace
|
0-0: Called Strike 0-1: Ball 1-1: Called Strike 1-2: Foul Ball, location: 2F 1-2: Strikes out swinging
|
Batting: RHB Andres Leon
|
0-0: Swinging Strike 0-1: Ball 1-1: Ball 2-1: Foul Ball, location: 2F 2-2: SINGLE (Line Drive, 8RS, EV 90.0 MPH)
|
Batting: RHB Rudo Garciaparra
|
0-0: Ball Wild Pitch! Andres Leon to second 1-0: Foul Ball, location: 2F 1-1: Ball 2-1: Ground out 5-3 (Groundball, 5, EV 87.5 MPH)
|
Batting: RHB Marc Peckermark
|
0-0: SINGLE (Groundball, 34D, EV 99.4 MPH) Andres Leon to third Runner from 3rd tries for Home, SAFE, throw by RF to home Marc Peckermark to second
|
Batting: LHB Brad Pepin
|
0-0: Ball 1-0: Called Strike 1-1: Swinging Strike 1-2: Foul Ball, location: 2F 1-2: Foul Ball, location: 2F 1-2: Ball 2-2: Ball 3-2: Base on Balls
|
Batting: SHB Jason Hayes
|
0-0: Called Strike 0-1: Swinging Strike 0-2: Ground out U3 (Groundball, 3, EV 82.5 MPH)
|
Bottom of the 4th over - 1 run, 2 hits, 0 errors, 2 left on base; California 4 - Baltimore 6 |
TOP OF THE 5TH |
California Angels batting - Pitching for Baltimore Orioles : RHP Jay Rapini
|
Pitching: RHP Tony Huete
|
|
Batting: SHB Aldo Questi
|
0-0: Foul Ball, location: 2F 0-1: Foul Ball, location: 2F 0-2: Ball 1-2: Foul Ball, location: 2F 1-2: Ball 2-2: Ball 3-2: Ground out 5-3 (Groundball, 56, EV 105.6 MPH)
|
Batting: RHB Preston Deakyne
|
0-0: Ball 1-0: Foul Ball, location: 2F 1-1: Fly out, F4 (Popup, 23, EV 85.6 MPH)
|
Batting: RHB Dietmar Warmisch
|
0-0: Fly out, F8 (Flyball, 8RM, EV 96.9 MPH)
|
Top of the 5th over - 0 runs, 0 hits, 0 errors, 0 left on base; California 4 - Baltimore 6 |
BOTTOM OF THE 5TH |
Baltimore Orioles batting - Pitching for California Angels : RHP Gus Morante
|
Batting: RHB Saimei Kudo
|
0-0: Ball 1-0: Ball 2-0: Called Strike 2-1: Ground out 6-3 (Groundball, 6, EV 86.2 MPH)
|
Batting: SHB Robert Handy
|
0-0: Ball 1-0: Ball 2-0: Called Strike 2-1: Called Strike 2-2: Fly out, F7 (Flyball, 78D, EV 76.9 MPH)
|
Batting: RHB Alex Rodriguez Jr.
|
0-0: Ball 1-0: Foul Ball, location: 2F 1-1: Foul Ball, location: 2F 1-2: SINGLE (Groundball, 34D, EV 107.5 MPH)
|
Pitching: RHP Allen Weaver
|
|
Batting: LHB Gabe Pace
|
0-0: Called Strike Alex Rodriguez Jr. steals 2nd, throwing error, E2 Alex Rodriguez Jr. to third 0-1: Ball 1-1: Foul Ball, location: 2F 1-2: Foul Ball, location: 2F 1-2: Ball 2-2: Strikes out swinging
|
Bottom of the 5th over - 0 runs, 1 hit, 1 error, 1 left on base; California 4 - Baltimore 6 |
TOP OF THE 6TH |
California Angels batting - Pitching for Baltimore Orioles : RHP Tony Huete
|
Batting: LHB Micah Miller
|
0-0: Ball 1-0: Swinging Strike 1-1: Fly out, F6 (Popup, 6M, EV 64.4 MPH)
|
Batting: LHB Javier Trujillo
|
0-0: Foul Ball, location: 2F 0-1: Fly out, F7 (Flyball, 7LS, EV 91.9 MPH)
|
Batting: RHB Jasper Burd
|
0-0: Ball 1-0: Foul Ball, location: 2F 1-1: Ball 2-1: Fly out, F8 (Flyball, 8LD, EV 86.2 MPH)
|
Top of the 6th over - 0 runs, 0 hits, 0 errors, 0 left on base; California 4 - Baltimore 6 |
BOTTOM OF THE 6TH |
Baltimore Orioles batting - Pitching for California Angels : RHP Allen Weaver
|
Batting: RHB Andres Leon
|
0-0: Foul Ball, location: 2F 0-1: Foul Ball, location: 2F 0-2: Strikes out swinging
|
Batting: RHB Rudo Garciaparra
|
0-0: Foul Ball, location: 2F 0-1: Foul Ball, location: 2F 0-2: Foul Ball, location: 2F 0-2: Ball 1-2: Ground out U3 (Groundball, 34, EV 82.5 MPH)
|
Pinch Hitting: RHB Orlando Melchor
|
0-0: Called Strike 0-1: Foul Ball, location: 2F 0-2: Ball 1-2: Ball 2-2: Ball 3-2: Foul Ball, location: 2F 3-2: Foul Ball, location: 2F 3-2: Foul Ball, location: 2F 3-2: Base on Balls
|
Pinch Hitting: RHB Mario Saez
|
0-0: Ball Orlando Melchor is caught stealing 2nd base 2-4
|
Bottom of the 6th over - 0 runs, 0 hits, 0 errors, 0 left on base; California 4 - Baltimore 6 |
TOP OF THE 7TH |
California Angels batting - Pitching for Baltimore Orioles : RHP Tony Huete
|
Now in CF: Bob Melley
|
|
Now in RF: Orlando Melchor
|
|
Batting: LHB Jack Bell
|
0-0: Ball 1-0: Fly out, F8 (Line Drive, 8LM, EV 90.0 MPH)
|
Batting: RHB Bjoern Waltersson
|
0-0: Called Strike 0-1: Ball 1-1: Ball 2-1: Foul Ball, location: 2F 2-2: Fly out, F9 (Flyball, 9LM, EV 105.0 MPH)
|
Batting: RHB Avery Maxwell
|
0-0: Foul Ball, location: 2F 0-1: Ball 1-1: Ball 2-1: Foul Ball, location: 2F 2-2: Fly out, F4 (Line Drive, 4, EV 69.4 MPH)
|
Top of the 7th over - 0 runs, 0 hits, 0 errors, 0 left on base; California 4 - Baltimore 6 |
BOTTOM OF THE 7TH |
Baltimore Orioles batting - Pitching for California Angels : RHP Allen Weaver
|
Batting: LHB Bob Melley
|
0-0: Ground out 4-3 (Groundball, 4, EV 86.2 MPH)
|
Pinch Hitting: RHB Vince Jackson
|
0-0: Foul Ball, location: 2F 0-1: Called Strike 0-2: Ball 1-2: Strikes out swinging
|
Batting: LHB Paul Diaz
|
0-0: Called Strike 0-1: Ball 1-1: Swinging Strike 1-2: Ball 2-2: Foul Ball, location: 2F 2-2: Strikes out looking
|
Bottom of the 7th over - 0 runs, 0 hits, 0 errors, 0 left on base; California 4 - Baltimore 6 |
TOP OF THE 8TH |
California Angels batting - Pitching for Baltimore Orioles : RHP Tony Huete
|
Pitching: RHP Errol Dondale
|
|
Now at 1B: Vince Jackson
|
|
Batting: RHB Curt Earnest
|
0-0: Called Strike 0-1: Ball 1-1: Foul Ball, location: 2F 1-2: SOLO HOME RUN (Flyball, 7D, EV 87.5 MPH) (Inside the Park)
|
Pinch Hitting: RHB Oren Jones
|
0-0: Ball 1-0: Foul Ball, location: 2F 1-1: Hit by Pitch
|
Pinch Hitting: RHB Andres Mendiola
|
0-0: Called Strike 0-1: Ball 1-1: Foul Ball, location: 2F 1-2: Ball 2-2: Fly out, F6 (Line Drive, 6, EV 61.9 MPH)
|
Pinch Hitting: RHB Justin Lauderdale
|
0-0: Called Strike 0-1: SINGLE (Flyball, 8RS, EV 100.6 MPH) Oren Jones to second Runner from 2nd tries for 3rd, SAFE, throw by CF made to third
|
Pinch Hitting: RHB Jose Pineda
|
0-0: Ball 1-0: Ball 2-0: Ball 3-0: Called Strike 3-1: Grounds into double play, 4-6-3 (Groundball, 4S, EV 88.8 MPH)
|
Top of the 8th over - 1 run, 2 hits, 0 errors, 1 left on base; California 5 - Baltimore 6 |
BOTTOM OF THE 8TH |
Baltimore Orioles batting - Pitching for California Angels : RHP Allen Weaver
|
Now at 1B: Oren Jones
|
|
Now at 3B: Andres Mendiola
|
|
Now at SS: Jose Pineda
|
|
Now in RF: Justin Lauderdale
|
|
Batting: SHB Robert Handy
|
0-0: Ball 1-0: Swinging Strike 1-1: Foul Ball, location: 2F 1-2: Strikes out looking
|
Pinch Hitting: RHB Ruben Garza
|
0-0: Foul Ball, location: 2F 0-1: Ball 1-1: Foul Ball, location: 2F 1-2: Ground out U3 (Groundball, 3, EV 82.5 MPH)
|
Batting: LHB Gabe Pace
|
0-0: Called Strike 0-1: Called Strike 0-2: Ball 1-2: Ground out 4-3 (Groundball, 34, EV 105.0 MPH)
|
Bottom of the 8th over - 0 runs, 0 hits, 0 errors, 0 left on base; California 5 - Baltimore 6 |
TOP OF THE 9TH |
California Angels batting - Pitching for Baltimore Orioles : RHP Errol Dondale
|
Pitching: LHP Randy Adams
|
|
Now at 2B: Ruben Garza
|
|
Now at SS: Rudo Garciaparra
|
|
Pinch Hitting: RHB Mike Harkins
|
0-0: Ball 1-0: Foul Ball, location: 2F 1-1: Called Strike 1-2: Ball 2-2: Ball 3-2: Ground out 4-3 (Groundball, 4, EV 99.4 MPH)
|
Pitching: RHP Joon-ho Rhee
|
|
Pinch Hitting: LHB Barrfhionn O'Toole
|
0-0: Ball 1-0: Ball 2-0: Foul Ball, location: 2F 2-1: Ball 3-1: Ground out 6-3 (Groundball, 6, EV 106.9 MPH)
|
Pinch Hitting: RHB Alain Delhaye
|
0-0: Ball 1-0: Ball 2-0: Ball 3-0: Base on Balls
|
Pinch Hitting: RHB Danny Odom
|
0-0: Ball Wild Pitch! Alain Delhaye to second 1-0: Called Strike 1-1: Ground out 5-3 (Groundball, 56, EV 88.1 MPH)
|
Top of the 9th over - 0 runs, 0 hits, 0 errors, 1 left on base; California 5 - Baltimore 6 |
|